 Dungeon Crawl Stone Soup version 0.31-a0-145-g046c7d2549 (webtiles) character file.

Game seed: 3319739769822575206

70 Ijustatesigmund the Stinger (level 4, -1/28 HPs)
             Began as an Octopode Venom Mage on June 7, 2023.
             Slain by a goblin
             ... wielding a +0 dagger
             ... led by Robin
              (3 damage)
             ... on level 3 of the Dungeon.
             The game lasted 00:02:39 (1617 turns).

Ijustatesigmund the Stinger (Octopode Venom Mage)   Turns: 1617, Time: 00:02:40

Health: -1/28      AC:  1    Str:  7    XL:     4   Next: 21%
Magic:  0/7        EV: 13    Int: 19    God:
Gold:   130        SH:  0    Dex: 12    Spells: 2/8 levels left

rFire   . . .        b - +0 spear
rCold   . . .        (no shield)
rNeg    . . .        (helmet restricted)
rPois   .            (no amulet)
rElec   .            (no ring)
rCorr   .            (no ring)
SInv    .            (no ring)
Will    .....        (no ring)
Stlth   +++          (no ring)
HPRegen 0.24/turn    (no ring)
MPRegen 0.10/turn    (no ring)
                     (no ring)

%: no passive effects
@: about to teleport
A: almost no armour, amphibious, 8 rings, camouflage 1, gelatinous body 1,
(nimble swimmer 1), tentacles
a: no special abilities


You were on level 3 of the Dungeon.
You visited 1 branch of the dungeon, and saw 3 of its levels.

You collected 130 gold pieces.

Inventory:

Hand Weapons
 b - a +0 spear (weapon)
Wands
 e - a wand of iceblast (6)
Potions
 a - a potion of magic


   Skills:
 - Level 1.0 Fighting
 - Level 2.0 Dodging
 - Level 2.6 Stealth
 + Level 2.5 Spellcasting
 + Level 0.8 Conjurations
 + Level 1.9 Transmutations
 + Level 1.1 Air Magic
 + Level 4.2 Poison Magic


You had 2 spell levels left.
You knew the following spells:

 Your Spells              Type           Power      Damage    Failure   Level
a - Sting                 Tmut/Pois      56%        1d5       4%          1
b - Poisonous Vapours     Pois/Air       24%        N/A       9%          2
c - Mephitic Cloud        Conj/Pois/Air  10%        N/A       21%         3

Your spell library contained the following spells:

 Spells                   Type           Power      Damage    Failure   Level
 Olgreb's Toxic Radiance  Pois           18%        N/A       28%         4


Dungeon Overview and Level Annotations

Branches:
Dungeon (3/15)

Altars:
The Shining One

Annotations:
D:2 Sigmund
D:3 3 runed translucent doors, Robin; pornopis's ghost, weakling MiFi


Innate Abilities, Weirdness & Mutations

You cannot wear most types of armour.
You are amphibious.
You can wear up to eight rings at the same time.
Your skin changes colour to match your surroundings (Stealth+).
Your rubbery body absorbs attacks. (AC +1, EV +1)
((You are camouflaged when in or above water. (Stealth+)))
You have tentacles for arms and can constrict up to eight enemies at once.


Message History

* * * LOW HITPOINT WARNING * * *
The goblin is engulfed in noxious fumes.
The goblin appears confused.
The goblin barely misses the hobgoblin.
A quokka comes into view.
The goblin hits you with a +0 dagger.
* * * LOW HITPOINT WARNING * * *
The hobgoblin is engulfed in noxious fumes.
The hobgoblin appears confused.
The hobgoblin barely misses the goblin.
The hobgoblin barely misses itself.
The goblin is engulfed in noxious fumes.
The goblin appears confused.
The goblin closely misses something.
The goblin attacks as you move away! The goblin hits you with a +0 dagger.
* * * LOW HITPOINT WARNING * * *
The goblin attacks as you move away! The goblin hits you with a +0 dagger.
* * * LOW HITPOINT WARNING * * *
Okay, then.
As you read the scroll labelled OLUSHR UGURA, it crumbles to dust.
It is a scroll of identify.
d - a scroll of teleportation The goblin hits you with a +0 dagger.
* * * LOW HITPOINT WARNING * * *
You feel a bit more experienced.
As you read the scroll of teleportation, it crumbles to dust.
You feel strangely unstable. The goblin barely misses you.
You feel a bit more experienced.
Casting: Mephitic Cloud (quite dangerous; 21% risk of failure)
Confirm with . or Enter, or press ? or * to list all spells.
Aiming: Poisonous Vapours (safe; 9% risk of failure)
Press: ? - help, Dir - move target, f - goblin
Aim: a goblin, wielding a +0 dagger (strong) Poisonous vapours surround the goblin!
The goblin is poisoned.
The goblin barely misses you.
Casting: Poisonous Vapours (safe; 9% risk of failure)
Confirm with . or Enter, or press ? or * to list all spells.
Aiming: Poisonous Vapours (safe; 9% risk of failure)
Press: ? - help, Dir - move target, f/p - goblin
Aim: a goblin, wielding a +0 dagger (strong, poisoned) Poisonous vapours surround the goblin!
The goblin looks even sicker.
The goblin hits you with a +0 dagger.
You die...

### #@# ..#.#ZZ#g#
##.
##.$W..##g###gg.g.
#.......#g.)ggg.r.
##....Z##.#######.
#.....ZZ#.#
###+++###.#
#......##.#
#.........#


You could see 3 goblins.

Vanquished Creatures
  2 adders
  4 endoplasms
  2 giant cockroaches (D:1)
  3 goblins
  10 hobgoblins
  5 quokkas (D:1)
  3 ball pythons
  6 bats
  5 kobolds
  5 rats
45 creatures vanquished.

Notes
Turn   | Place    | Note
-------+----------+-------------------------------------------
     0 | D:1      | Ijustatesigmund the Octopode Venom Mage began the quest for
                  | the Orb.
     0 | D:1      | Reached XP level 1. HP: 11/11 MP: 3/3
   130 | D:1      | Reached XP level 2. HP: 18/18 MP: 5/5
   133 | D:1      | Learned a level 2 spell: Poisonous Vapours
   423 | D:1      | Reached skill level 4 in Poison Magic
   462 | D:1      | Reached skill level 1 in Fighting
   462 | D:1      | Reached XP level 3. HP: 23/23 MP: 3/6
   466 | D:1      | Learned a level 3 spell: Mephitic Cloud
  1164 | D:2      | Noticed Sigmund
  1412 | D:3      | Found a glowing golden altar of the Shining One.
  1450 | D:3      | Reached skill level 1 in Air Magic
  1450 | D:3      | Reached XP level 4. HP: 13/28 MP: 4/7
  1571 | D:3      | Found a runed translucent gate.
  1571 | D:3      | Found a runed translucent gate.
  1571 | D:3      | Found a runed translucent gate.
  1577 | D:3      | Noticed pornopis's ghost (weakling MiFi)
  1604 | D:3      | Noticed Robin
  1613 | D:3      | HP: 1/28 [goblin/+0 dagger[Robin] (2)]
  1617 | D:3      | Slain by a goblin

Illustrated notes

Levels and vault maps discovered:
D:1:      ldierk_walled_garden, layout_loops_ring,
          corexii_item_surrounded_by_moat, minmay_tetromino_l2
D:2:      layout_basic, uniq_sigmund
D:3:      layout_loops_ring, nicolae_hepliaklqana_hippocampus, elyvilon_altar_5,
          mainiacjoe_overflow_catwalk, lemuel_coloured_pillars_altar,
          gammafunk_ghost_necromancy, minivault_25, minmay_statues_item,
          uniq_robin

Skill      XL: |  1  2  3 |
---------------+----------+-----
Poison Magic   | 4 |  4.2
Fighting       | 1 |  1.0
Air Magic      | 1 |  1.1
Dodging        | |  2.0
Stealth        | |  2.6
Spellcasting   | |  2.5
Conjurations   | |  0.8
Transmutations | |  1.9

Action                     |  1- 3 |  4- 6 || total
---------------------------+-------+-------++-------
  Melee: Spear             |    82 |     7 ||    89
         Tentacles         |    14 |     2 ||    16
         Constrict         |    13 |     1 ||    14
         Punch             |     1 |       ||     1
   Cast: Poisonous Vapours |    18 |     3 ||    21
         Mephitic Cloud    |       |     1 ||     1
    Use: Scroll            |       |     2 ||     2
   Stab: Sleeping          |    10 |       ||    10
 Armour: Skin              |     6 |       ||     6
  Dodge: Dodged            |    34 |     5 ||    39

Table legend: (Time is in decaauts)
 A = Elapsed time spent in this place.
 B = Non-inter-level travel time spent in this place.
 C = Inter-level travel time spent in this place.
 D = Time resting spent in this place.
 E = Time spent auto-exploring this place.
 F = Levels seen in this place.
 G = Mean time per level.
                   A        B        C        D        E       F      G
               +--------+--------+--------+--------+--------+-----+--------+
         Total |   1624 |   1616 |      8 |    147 |   1204 |   3 |  541.3 |
       Dungeon |   1624 |   1616 |      8 |    147 |   1204 |   3 |  541.3 |
               +--------+--------+--------+--------+--------+-----+--------+

Top non-repeatable levels by time:
     D:1: 731 daAuts
     D:3: 449 daAuts
     D:2: 444 daAuts
